 Dungeon Crawl Stone Soup version 0.29.1-14-g9c671dbff4 (webtiles) character file.

Game seed: 8283259513407858153

37 leafyfresh the Magician (level 3, -5/25 HPs)
             Began as a Djinni Ice Elementalist on Feb 17, 2023.
             Slain by Sigmund
             ... wielding a +0 scythe
              (10 damage)
             ... on level 2 of the Dungeon.
             The game lasted 00:02:33 (2775 turns).

leafyfresh the Magician (Djinni Ice Elementalist)   Turns: 2775, Time: 00:02:34

Health: -5/25      AC:  8    Str:  7    XL:     3   Next: 62%
Gold:   52         EV: 12    Int: 18    God:
                   SH:  0    Dex: 13

rFire   + + .      SeeInvis .   d - +0 dagger
rCold   x . .      Faith    .   (no shield)
rNeg    . . .      Spirit   .   a - +0 robe
rPois   ∞          Reflect  .   (no helmet)
rElec   .          Harm     .   (no cloak)
rCorr   .          Rampage  .   (no gloves)
Will    .....                   (boots unavailable)
Stlth   ++........              (no amulet)
HPRegen 0.08/turn               (no ring)
MPRegen 0.00/turn               (no ring)

@: ice-armoured, freezing walls, flying
A: sickness immunity, fire resistance 2, cold vulnerability 1, float, innate
caster, HP casting, extra vitality 1
a: no special abilities


You were on level 2 of the Dungeon.
You visited 1 branch of the dungeon, and saw 2 of its levels.

You collected 52 gold pieces.

Inventory:

Hand Weapons
 d - a +0 dagger (weapon)
Armour
 a - a +0 robe (worn)
Magical Staves
 g - a staff of death
Jewellery
 i - a +6 ring of intelligence
Scrolls
 c - 2 scrolls of amnesia {unknown}
 e - 3 scrolls of identify {unknown}
 j - a scroll of teleportation {unknown}
 k - a scroll of fog {unknown}
Potions
 b - 4 potions of curing {unknown}
 f - a potion of heal wounds {unknown}
 h - a potion of flight {unknown}
 l - 2 potions of attraction {unknown}
 m - a potion of invisibility {unknown}


   Skills:
 + Level 3.0 Dodging
 + Level 2.2 Stealth
 + Level 3.5 Spellcasting


You couldn't memorise any spells.
You knew the following spells:

 Your Spells              Type           Power      Damage    Failure   Level
a - Freeze                Ice            64%        1d8       3%          1
b - Frozen Ramparts       Ice            32%        1d5       11%         3
c - Ozocubu's Armour      Ice            16%        N/A       11%         3
d - Hailstorm             Conj/Ice       16%        3d6       34%         4
e - Beastly Appendage     Tmut           32%        N/A       3%          1
Your spell library was empty.

Dungeon Overview and Level Annotations

Branches:
Dungeon (2/15)

Altars:

Annotations:
D:2 Sigmund


Innate Abilities, Weirdness & Mutations

You are immune to sickness and miasma.
You are immune to poison.
Your flesh is very heat resistant. (rF++)
You are vulnerable to cold. (rC-)
You float through the air rather than walking.
You learn spells naturally, not from books.
Your magical power is your life essence.
You have superior vitality. (+4 MHP)


Message History

Confirm with . or Enter, or press ? or * to list all spells.
The spell is quite dangerous to miscast (11% risk of failure)!
Continue anyway?
Casting: Frozen Ramparts (quite dangerous; 11% risk of failure)
Press: ? - help, Dir - look around, f - activate The walls around you are covered in ice.
The wall freezes Sigmund.
Sigmund casts a spell.
Sigmund flickers and vanishes!
Deactivating autopickup; reactivate with Ctrl-A.
Unknown command.
Casting: Frozen Ramparts (quite dangerous; 11% risk of failure)
Confirm with . or Enter, or press ? or * to list all spells.
The spell is quite dangerous to miscast (11% risk of failure)!
Continue anyway?
A film of ice covers your body!
The wall freezes something.
Something hits you!
Casting: Ozocubu's Armour (quite dangerous; 11% risk of failure)
Confirm with . or Enter, or press ? or * to list all spells.
Okay, then.
Casting: Ozocubu's Armour (quite dangerous; 11% risk of failure)
Confirm with . or Enter, or press ? or * to list all spells.
You aren't experienced enough to cast this spell.
There is a strange disturbance nearby!
Casting: Ozocubu's Armour (quite dangerous; 11% risk of failure)
Confirm with . or Enter, or press ? or * to list all spells.
You aren't experienced enough to cast this spell.
There is a strange disturbance nearby!
Unknown command.
The wall freezes something.
Something hits you but does no damage.
Casting: Ozocubu's Armour (quite dangerous; 11% risk of failure)
Confirm with . or Enter, or press ? or * to list all spells.
Okay, then.
The wall freezes something.
You hear some strange, mumbled words.
Something tries to affect you, but you resist.
The wall freezes something.
You hear some strange, mumbled words.
Something tries to affect you, but you resist.
The wall freezes something.
Something hits you!
* * * LOW HITPOINT WARNING * * *
The wall freezes something.
Something hits you!
You die...

#..........)...... ... .
#....#.......... ...
####............ ..
##.........#. ###.
##.......... #...##
#..........
#..########..........
#...................
.##.###..@##.###..........
.......{####.##...........
........####..............
....#.......###...........
##.....###................
..##........#............
#. ###..##......####...(.
# ###..#.>.#### ##...#
........#############


There were no monsters in sight!

Vanquished Creatures
  A dart slug (D:1)
  An orc (D:2)
  5 ball pythons
  3 endoplasms (D:1)
  A giant cockroach (D:1)
  4 goblins
  2 hobgoblins
  2 quokkas
  3 frilled lizards
  7 kobolds
  3 rats
32 creatures vanquished.

Notes
Turn   | Place    | Note
-------+----------+-------------------------------------------
     0 | D:1      | leafyfresh the Djinni Ice Elementalist began the quest for
                  | the Orb.
     0 | D:1      | leafyfresh set off with the following spells memorised:
                  | Freeze, Frozen Ramparts, Ozocubu's Armour, Hailstorm.
     0 | D:1      | Reached XP level 1. HP: 15/15 MP: 0/0
   308 | D:1      | Reached XP level 2. HP: 10/21 MP: 0/0
   980 | D:1      | Found a faded altar of an unknown god.
  1234 | D:1      | Reached XP level 3. HP: 3/25 MP: 0/0
  1234 | D:1      | Learned a level 1 spell: Beastly Appendage
  2762 | D:2      | Noticed Sigmund
  2775 | D:2      | Slain by Sigmund

Illustrated notes

Levels and vault maps discovered:
D:1:      evilmike_arrival_rings, layout_loops_ring,
          dreamdust_ecumenical_altar_hidden_monk_grotto
D:2:      layout_rooms, basic_altar, nicolae_eternal_life, uniq_sigmund

Skill      XL: |  1  2  3 |
---------------+----------+-----
Stealth        | 2 |  2.2
Dodging        | 3 |  3.0
Spellcasting   | |  3.5

Action                   || total
-------------------------++-------
Melee: Unarmed           ||    10
       Dagger            ||    76
       Punch             ||     1
 Cast: Freeze            ||    27
       Frozen Ramparts   ||     4
       Ozocubu's Armour  ||     1
 Stab: Sleeping          ||     2
Armor: Robe              ||    20
Dodge: Dodged            ||    80
